 Dungeon Crawl Stone Soup version 0.24.0-123-gd5b16e6ec5 (webtiles) character file.

Game seed: 5204893933116804269, levelgen mode: deterministic

54 Amplified the Stinger (level 3, -5/29 HPs)
             Began as a Draconian Venom Mage on Jan 30, 2020.
             Was an Initiate of Sif Muna.
             Slain by an iguana (15 damage)
             ... on level 6 of the Dungeon.
             The game lasted 00:04:46 (2364 turns).

Amplified the Stinger (Draconian Venom Mage)        Turns: 2364, Time: 00:04:47

Health: -5/29      AC:  6    Str:  9 (10) XL:     3   Next: 66%
Magic:  1/6        EV: 12    Int: 15 (16) God:    Sif Muna [......]
Gold:   62         SH:  0    Dex:  9 (11) Spells: 1/7 levels left

rFire    . . .     SeeInvis .   (no weapon)
rCold    . . .     Gourm    .   (no shield)
rNeg     . . .     Faith    .   (armour unavailable)
rPois    .         Spirit   .   (helmet restricted)
rElec    .         Reflect  .   (no cloak)
rCorr    .         Harm     .   (no gloves)
MR       .....                  d - +0 pair of boots
Stlth    ++........             (no amulet)
HPRegen  0.09/turn              c - ring of flight
MPRegen  0.10/turn              (no ring)

@: no status effects
A: unfitting armour, cold-blooded, AC +5
a: Renounce Religion, Evoke Flight


You were on level 6 of the Dungeon.
You worshipped Sif Muna.
Sif Muna was noncommittal.
You were not hungry.

You visited 1 branch of the dungeon, and saw 6 of its levels.

You collected 62 gold pieces.

Inventory:

Missiles
 i - 9 poisoned darts (quivered)
Armour
 d - a +0 pair of boots (worn)
Jewellery
 c - a ring of flight (left hand)
Wands
 j - a wand of iceblast (6)
Scrolls
 e - a scroll of amnesia
 g - a scroll of remove curse
Comestibles
 b - 5 rations


   Skills:
 * Level 1.7 Fighting
 - Level 1.7 Dodging
 - Level 1.7 Stealth
 * Level 2.5 Spellcasting
 * Level 1.9 Conjurations
 * Level 3.5 Poison Magic


You had one spell level left.
You knew the following spells:

 Your Spells              Type           Power        Failure   Level  Hunger
a - Sting                 Conj/Pois      #...         7%          1    #......
b - Poisonous Vapours     Pois/Air       #.....       16%         2    ###....
c - Mephitic Cloud        Conj/Pois/Air  #.......     30%         3    ###....

Your spell library contained the following spells:

 Spells                   Type           Power        Failure   Level  Hunger
 Olgreb's Toxic Radiance  Pois           ##......     45%         4    #####..
 Venom Bolt               Conj/Pois      #.........   89%         5    ######.


Dungeon Overview and Level Annotations

Branches:
Dungeon (5/15)
 Temple: D:4-7

Altars:
Ashenzari
Sif Muna

Annotations:
D:3 Natasha
D:4 Edmund


Innate Abilities, Weirdness & Mutations

Your plain brown scales are hard. (AC +5)
You cannot fit into any form of body armour.
You are cold-blooded and may be slowed by cold attacks.


Message History

The orc wizard seems to speed up.
You slide downwards.
The hatch slams shut behind you.
A crimson imp comes into view.
Unknown command.
You fall into a shaft and drop 1 floor!
The shaft crumbles and collapses.
Found a ring mail.
An iguana comes into view.
Unknown command.
The iguana hisses angrily.
Found 22 stones.
Found a shattered altar of Ashenzari.
Casting: Poisonous Vapours (safe; 16% risk of failure)
Confirm with . or Enter, or press ? or * to list all spells.
Aiming: Poisonous Vapours (safe; 16% risk of failure)
Press: ? - help, Dir - move target cursor, f - iguana
Aim: an iguana Poisonous vapours surround the iguana!
The iguana is engulfed in poison gas.
The iguana is poisoned.
The iguana bites you!
Ouch! That really hurt!
You die...

# .#
###.
#..
#.#
#l#
#@#
#.#
#.#
#.#
#.#
..[
...
_.(


You could see an iguana.

Vanquished Creatures
  A dart slug (D:2)
  3 leopard geckos
  3 orcs
  5 bats (D:1)
  3 giant cockroaches
  8 goblins
  5 hobgoblins
  4 kobolds
  2 quokkas (D:3)
  6 rats
40 creatures vanquished.

Notes
Turn   | Place    | Note
-------+----------+-------------------------------------------
     0 | D:1      | Amplified the Draconian Venom Mage began the quest for the
                  | Orb.
     0 | D:1      | Reached XP level 1. HP: 14/14 MP: 3/3
   268 | D:1      | Reached XP level 2. HP: 22/22 MP: 0/5
   789 | D:1      | Reached skill level 1 in Fighting
  1347 | D:2      | Learned a level 2 spell: Poisonous Vapours
  1466 | D:2      | Reached XP level 3. HP: 28/28 MP: 4/6
  1781 | D:2      | Found a shimmering blue altar of Sif Muna.
  1787 | D:2      | Became a worshipper of Sif Muna the Loreminder
  1792 | D:2      | Learned a level 3 spell: Mephitic Cloud
  2197 | D:3      | Noticed Natasha
  2224 | D:4      | Noticed a scorpion
  2225 | D:4      | Noticed a bullfrog
  2332 | D:4      | Noticed Edmund
  2360 | D:5      | Entered Level 5 of the Dungeon
  2362 | D:5      | You fall into a shaft and drop 1 floor!
  2363 | D:6      | Found a shattered altar of Ashenzari.
  2364 | D:6      | Slain by an iguana

Levels and vault maps discovered:
D:1:      mrwooster_arrival_arrow, layout_basic, nrook_loot_triangle
D:2:      layout_loops_ring, led_sif_pool, minmay_diced_spiral
D:3:      layout_basic, first_ration, minmay_fractal_squares_5, uniq_natasha
D:4:      layout_cave_pools, marbit_many_paths, due_unseen_surprise,
          uniq_crazy_yiuf_cottage, uniq_edmund
D:5:      layout_cave_pools, amethyst_overflow_temple_binary
D:6:      lemuel_upstairs_altar, layout_basic, basic_altar

Skill      XL: |  1  2 |
---------------+-------+-----
Fighting       | 1 |  1.7
Dodging        | |  1.7
Stealth        | |  1.7
Spellcasting   | |  2.5
Conjurations   | |  1.9
Poison Magic   | |  3.5

Action                   || total
-------------------------++-------
Melee: Unarmed           ||    99
       Tailslap          ||     8
Throw: Dart              ||     1
 Cast: Sting             ||    42
       Poisonous Vapours ||    12
  Use: Scroll            ||     3
       Potion            ||     3
  Eat: Chunk             ||     4
       Ration            ||     1
Armor: Skin              ||    39
Dodge: Dodged            ||    72
